TOP OF THE 1ST |
Northern Virginia Rainbow Mermaids batting - Pitching for Oakland Oaks : RHP Mal Houser
|
Pitching: RHP Mal Houser
|
|
Batting: LHB Ty Tomblin
|
0-0: Ball 1-0: Called Strike 1-1: Ball 2-1: SINGLE (Line Drive, 89S)
|
Batting: LHB Scott Kerin
|
0-0: Ball 1-0: Ball Wild Pitch! Ty Tomblin to second 2-0: Ball 3-0: Base on Balls
|
Batting: SHB Melito Báez
|
0-0: Ball 1-0: Ball 2-0: Fielders Choice at 2nd, 4-6 (Groundball, 4) Ty Tomblin to third
|
Batting: LHB Kyoji Hakoda
|
0-0: Foul Ball, location: 2F 0-1: Foul Ball, location: 2F 0-2: Ground out 6-3 (Groundball, 6MS) Ty Tomblin scores Melito Báez to second
|
Batting: SHB Galtero Suárez
|
0-0: Ground out 4-3 (Groundball, 34D)
|
Top of the 1st over - 1 run, 1 hit, 0 errors, 1 left on base; Northern Virginia 1 - Oakland 0 |
BOTTOM OF THE 1ST |
Oakland Oaks batting - Pitching for Northern Virginia Rainbow Mermaids : RHP Ramón Molina
|
Pitching: RHP Ramón Molina
|
|
Batting: SHB Luis Luquín
|
0-0: Swinging Strike 0-1: Ground out 4-3 (Groundball, 4)
|
Batting: RHB Colin O'Connell
|
0-0: Hit by Pitch
|
Batting: RHB Mike Wazowski
|
0-0: Foul Ball, location: 2F 0-1: Ball 1-1: Foul Ball, location: 2F 1-2: Foul Ball, location: 2F 1-2: Ball 2-2: Fielders Choice at 2nd, 4-6 (Groundball, 4)
|
Batting: RHB Yehonatan Chazan
|
0-0: Ball 1-0: Ball Mike Wazowski steals 2nd base 2-0: Ball 3-0: Called Strike 3-1: Fly out, F8 (Flyball, 8RXD)
|
Bottom of the 1st over - 0 runs, 0 hits, 0 errors, 1 left on base; Northern Virginia 1 - Oakland 0 |
TOP OF THE 2ND |
Northern Virginia Rainbow Mermaids batting - Pitching for Oakland Oaks : RHP Mal Houser
|
Batting: RHB Colt Cabana
|
0-0: Ball 1-0: Bunt for hit - play at first, batter OUT! 3-4
|
Batting: LHB José Ruíz
|
0-0: Fly out, F8 (Line Drive, 8RM)
|
Batting: RHB Mike Strickland
|
0-0: Called Strike 0-1: Foul Ball, location: 2F 0-2: Fly out, F9 (Line Drive, 9)
|
Top of the 2nd over - 0 runs, 0 hits, 0 errors, 0 left on base; Northern Virginia 1 - Oakland 0 |
BOTTOM OF THE 2ND |
Oakland Oaks batting - Pitching for Northern Virginia Rainbow Mermaids : RHP Ramón Molina
|
Batting: RHB Joseph Papasogli
|
0-0: Swinging Strike 0-1: Swinging Strike 0-2: Strikes out swinging
|
Batting: RHB Joe Phillips
|
0-0: Ball 1-0: Ball 2-0: Called Strike 2-1: DOUBLE (Line Drive, 9LM)
|
Batting: RHB Alfonso Nazario
|
0-0: Fly out, F9 (Flyball, 9)
|
Batting: RHB Esteban Vázquez
|
0-0: Called Strike 0-1: Ground out 6-3 (Groundball, 6)
|
Bottom of the 2nd over - 0 runs, 1 hit, 0 errors, 1 left on base; Northern Virginia 1 - Oakland 0 |
TOP OF THE 3RD |
Northern Virginia Rainbow Mermaids batting - Pitching for Oakland Oaks : RHP Mal Houser
|
Batting: RHB Zahid Kashani
|
0-0: SINGLE (Flyball, 7S)
|
Batting: LHB Ty Tomblin
|
0-0: Called Strike 0-1: Foul Ball, location: 2F 0-2: Ball 1-2: Foul Ball, location: 2F 1-2: Foul Ball, location: 2F 1-2: Foul Ball, location: 2F 1-2: Ball 2-2: Ball 3-2: Foul Ball, location: 2F 3-2: Foul Ball, location: 2F 3-2: Fly out, F7 (Line Drive, 7D)
|
Batting: LHB Scott Kerin
|
0-0: Called Strike Zahid Kashani steals 2nd base 0-1: Swinging Strike 0-2: Strikes out swinging
|
Batting: SHB Melito Báez
|
0-0: DOUBLE (Flyball, 8RXD) Zahid Kashani scores
|
Pinch Runner at 2nd Dana Waldrip:
|
|
Batting: LHB Kyoji Hakoda
|
0-0: Ball 1-0: Ball 2-0: Swinging Strike 2-1: Foul Ball, location: 2F 2-2: Ball 3-2: SINGLE (Flyball, 78M) Dana Waldrip to third Dana Waldrip scores
|
Batting: SHB Galtero Suárez
|
0-0: Ball 1-0: Fly out, F9 (Flyball, 9)
|
Top of the 3rd over - 2 runs, 3 hits, 0 errors, 1 left on base; Northern Virginia 3 - Oakland 0 |
BOTTOM OF THE 3RD |
Oakland Oaks batting - Pitching for Northern Virginia Rainbow Mermaids : RHP Ramón Molina
|
Now at 2B: Dana Waldrip
|
|
Batting: RHB Ricardo Téllez
|
0-0: Ball 1-0: Ball 2-0: Ball 3-0: Called Strike 3-1: Base on Balls
|
Batting: SHB Luis Luquín
|
0-0: Ball 1-0: Ball 2-0: Fielders Choice at 2nd, 6-4 (Groundball, 56)
|
Batting: RHB Colin O'Connell
|
0-0: Called Strike Throwing error on steal attempt, E2 Luis Luquín to third 0-1: Ball 1-1: Ball 2-1: Ground out 4-3 (Groundball, 4) Luis Luquín scores
|
Batting: RHB Mike Wazowski
|
0-0: Ball 1-0: Ball 2-0: Ground out 5-3 (Groundball, 56S)
|
Bottom of the 3rd over - 1 run, 0 hits, 1 error, 0 left on base; Northern Virginia 3 - Oakland 1 |
TOP OF THE 4TH |
Northern Virginia Rainbow Mermaids batting - Pitching for Oakland Oaks : RHP Mal Houser
|
Batting: RHB Colt Cabana
|
0-0: Called Strike 0-1: Foul Ball, location: 2F 0-2: Strikes out swinging
|
Batting: LHB José Ruíz
|
0-0: Called Strike 0-1: Foul Ball, location: 2F 0-2: SINGLE (Groundball, 6D)
|
Batting: RHB Mike Strickland
|
0-0: Called Strike José Ruíz steals 2nd base 0-1: Foul Ball, location: 2F 0-2: Ball 1-2: Foul Ball, location: 2F 1-2: Ball 2-2: Ball 3-2: Ground out U3 (Groundball, 34) José Ruíz to third
|
Batting: RHB Zahid Kashani
|
0-0: Fly out, F8 (Flyball, 8RD)
|
Top of the 4th over - 0 runs, 1 hit, 0 errors, 1 left on base; Northern Virginia 3 - Oakland 1 |
BOTTOM OF THE 4TH |
Oakland Oaks batting - Pitching for Northern Virginia Rainbow Mermaids : RHP Ramón Molina
|
Batting: RHB Yehonatan Chazan
|
0-0: Ball 1-0: Foul Ball, location: 2F 1-1: Foul Ball, location: 2F 1-2: Foul Ball, location: 2F 1-2: Fly out, F8 (Flyball, 78M)
|
Batting: RHB Joseph Papasogli
|
0-0: SINGLE (Groundball, 6D)
|
Batting: RHB Joe Phillips
|
0-0: Ball 1-0: Foul Ball, location: 2F 1-1: Ball 2-1: Called Strike 2-2: Strikes out swinging
|
Batting: RHB Alfonso Nazario
|
0-0: Ball Joseph Papasogli steals 2nd base 1-0: Foul Ball, location: 2F 1-1: Swinging Strike 1-2: Fly out, F8 (Flyball, 8RM)
|
Bottom of the 4th over - 0 runs, 1 hit, 0 errors, 1 left on base; Northern Virginia 3 - Oakland 1 |
TOP OF THE 5TH |
Northern Virginia Rainbow Mermaids batting - Pitching for Oakland Oaks : RHP Mal Houser
|
Batting: LHB Ty Tomblin
|
0-0: SINGLE (Groundball, 34D)
|
Batting: LHB Scott Kerin
|
0-0: Ball 1-0: Swinging Strike 1-1: Ball 2-1: Ball 3-1: Base on Balls Ty Tomblin to second
|
Batting: LHB Dana Waldrip
|
0-0: Foul Ball, location: 2F 0-1: Ball 1-1: Called Strike 1-2: Ball 2-2: Ball 3-2: Fielders Choice at 2nd, 4-6 (Groundball, 4) Ty Tomblin to third
|
Batting: LHB Kyoji Hakoda
|
0-0: Ball 1-0: Ball 2-0: Fly out, F9 (Flyball, 9S)
|
Batting: SHB Galtero Suárez
|
0-0: Ball 1-0: Ground out 4-3 (Groundball, 4S)
|
Top of the 5th over - 0 runs, 1 hit, 0 errors, 2 left on base; Northern Virginia 3 - Oakland 1 |
BOTTOM OF THE 5TH |
Oakland Oaks batting - Pitching for Northern Virginia Rainbow Mermaids : RHP Ramón Molina
|
Batting: RHB Esteban Vázquez
|
0-0: Called Strike 0-1: Foul Ball, location: 2F 0-2: Foul Ball, location: 2F 0-2: Strikes out swinging
|
Batting: RHB Ricardo Téllez
|
0-0: Foul Ball, location: 2F 0-1: Ball 1-1: Ball 2-1: SINGLE (Line Drive, 6M)
|
Batting: SHB Luis Luquín
|
0-0: Grounds into double play, 4-6-3 (Groundball, 4)
|
Bottom of the 5th over - 0 runs, 1 hit, 0 errors, 0 left on base; Northern Virginia 3 - Oakland 1 |
TOP OF THE 6TH |
Northern Virginia Rainbow Mermaids batting - Pitching for Oakland Oaks : RHP Mal Houser
|
Batting: RHB Colt Cabana
|
0-0: Ball 1-0: Called Strike 1-1: Foul Ball, location: 2F 1-2: Ball 2-2: Foul Ball, location: 2F 2-2: Ball 3-2: Foul Ball, location: 2F 3-2: DOUBLE (Flyball, 8RD)
|
Batting: LHB José Ruíz
|
0-0: Called Strike 0-1: Swinging Strike 0-2: Ball 1-2: Ball 2-2: Foul Ball, location: 2F 2-2: Ball 3-2: Ground out 5-3 (Groundball, 6) Colt Cabana to third
|
Batting: RHB Mike Strickland
|
0-0: Foul Ball, location: 2F 0-1: Called Strike 0-2: Foul Ball, location: 2F 0-2: Foul Ball, location: 2F 0-2: Ball 1-2: Foul Ball, location: 2F 1-2: Ball 2-2: Ball 3-2: DOUBLE (Line Drive, 9D) Colt Cabana scores
|
Pitching: RHP Oriol Razo
|
|
Batting: RHB Zahid Kashani
|
0-0: Ball 1-0: Swinging Strike 1-1: Ball 2-1: Ball 3-1: Base on Balls
|
Batting: LHB Ty Tomblin
|
0-0: Called Strike 0-1: SINGLE (Groundball, 4MD) Mike Strickland to third Zahid Kashani to second
|
Batting: LHB Scott Kerin
|
0-0: Fly out, F9 (Line Drive, 89M) Runner from 3rd tags up, SCORES, no throw
|
Batting: LHB Dana Waldrip
|
0-0: Ball 1-0: Ball 2-0: Ball 3-0: Called Strike 3-1: Base on Balls Zahid Kashani to third Ty Tomblin to second
|
Batting: LHB Kyoji Hakoda
|
0-0: SINGLE (Popup, 3D) Zahid Kashani scores Ty Tomblin to third Dana Waldrip to second Runner from 3rd tries for Home, SAFE, throw made home
|
Batting: SHB Galtero Suárez
|
0-0: Foul Ball, location: 2F 0-1: Called Strike 0-2: Strikes out looking
|
Top of the 6th over - 4 runs, 4 hits, 0 errors, 2 left on base; Northern Virginia 7 - Oakland 1 |
BOTTOM OF THE 6TH |
Oakland Oaks batting - Pitching for Northern Virginia Rainbow Mermaids : RHP Ramón Molina
|
Batting: RHB Colin O'Connell
|
0-0: Ground out 6-3 (Groundball, 6MD)
|
Batting: RHB Mike Wazowski
|
0-0: Called Strike 0-1: Foul Ball, location: 2F 0-2: Ball 1-2: Strikes out swinging, 2-3 out at first.
|
Batting: RHB Yehonatan Chazan
|
0-0: Foul Ball, location: 2F 0-1: Ball 1-1: Ball 2-1: Ball 3-1: Base on Balls
|
Batting: RHB Joseph Papasogli
|
0-0: Ball Throwing error on steal attempt, E2 Yehonatan Chazan to third 1-0: Swinging Strike 1-1: Ground out 5-3 (Groundball, 56S)
|
Bottom of the 6th over - 0 runs, 0 hits, 1 error, 1 left on base; Northern Virginia 7 - Oakland 1 |
TOP OF THE 7TH |
Northern Virginia Rainbow Mermaids batting - Pitching for Oakland Oaks : RHP Oriol Razo
|
Batting: RHB Colt Cabana
|
0-0: SOLO HOME RUN (Flyball, 9LD), Distance : 350 ft
|
Batting: LHB José Ruíz
|
0-0: Called Strike 0-1: Ball 1-1: Ball 2-1: Ball 3-1: Foul Ball, location: 2F 3-2: Base on Balls
|
Batting: RHB Mike Strickland
|
0-0: Called Strike 0-1: Ball 1-1: Ball 2-1: Ball 3-1: Base on Balls José Ruíz to second
|
Batting: RHB Zahid Kashani
|
0-0: Ball 1-0: Fly out, F7 (Flyball, 7LSF)
|
Batting: LHB Ty Tomblin
|
0-0: SINGLE (Groundball, 4MD) José Ruíz to third Mike Strickland to second Runner from 3rd tries for Home, SAFE, no throw
|
Batting: LHB Scott Kerin
|
0-0: SINGLE (Line Drive, 4MD) Mike Strickland to third Ty Tomblin to second
|
Batting: LHB Dana Waldrip
|
0-0: Called Strike 0-1: Hit by Pitch Mike Strickland scores Ty Tomblin to third Scott Kerin to second
|
Batting: LHB Kyoji Hakoda
|
0-0: Ball 1-0: Ball 2-0: Called Strike 2-1: Ball 3-1: Called Strike 3-2: Base on Balls Ty Tomblin scores Scott Kerin to third Dana Waldrip to second
|
Batting: SHB Galtero Suárez
|
0-0: Ball 1-0: Ground out U3 (Groundball, 3S) Scott Kerin scores Dana Waldrip to third Kyoji Hakoda to second
|
Batting: RHB Colt Cabana
|
0-0: Swinging Strike 0-1: Foul Ball, location: 2F 0-2: Strikes out swinging
|
Top of the 7th over - 5 runs, 3 hits, 0 errors, 2 left on base; Northern Virginia 12 - Oakland 1 |
BOTTOM OF THE 7TH |
Oakland Oaks batting - Pitching for Northern Virginia Rainbow Mermaids : RHP Ramón Molina
|
Batting: RHB Joe Phillips
|
0-0: Swinging Strike 0-1: Swinging Strike 0-2: Ball 1-2: Foul Ball, location: 2F 1-2: Ball 2-2: Strikes out swinging
|
Batting: RHB Alfonso Nazario
|
0-0: Ball 1-0: SINGLE (Line Drive, 9LM)
|
Batting: RHB Esteban Vázquez
|
0-0: Called Strike 0-1: Fly out, F6 (Line Drive, 6)
|
Batting: RHB Ricardo Téllez
|
0-0: Foul Ball, location: 2F 0-1: Ball 1-1: DOUBLE (Line Drive, 7LD) Alfonso Nazario to third Runner from 3rd tries for Home, SAFE, no throw
|
Batting: SHB Luis Luquín
|
0-0: Foul Ball, location: 2F 0-1: Foul Ball, location: 2F 0-2: Ball 1-2: Ball 2-2: Strikes out swinging
|
Bottom of the 7th over - 1 run, 2 hits, 0 errors, 1 left on base; Northern Virginia 12 - Oakland 2 |
TOP OF THE 8TH |
Northern Virginia Rainbow Mermaids batting - Pitching for Oakland Oaks : RHP Oriol Razo
|
Batting: LHB José Ruíz
|
0-0: Ball 1-0: Ball 2-0: Called Strike 2-1: Ball 3-1: Foul Ball, location: 2F 3-2: Base on Balls
|
Pinch Hitting: RHB JoJo Victory
|
0-0: Ball José Ruíz steals 2nd base 1-0: Ground out 6-3 (Groundball, 6) José Ruíz to third
|
Batting: RHB Zahid Kashani
|
0-0: Ball 1-0: SINGLE (Flyball, 78S) José Ruíz scores
|
Batting: LHB Ty Tomblin
|
0-0: Ball 1-0: Fielders Choice at 2nd, 1-6 (Groundball, P)
|
Batting: LHB Scott Kerin
|
0-0: Ball 1-0: Called Strike 1-1: Ball 2-1: Fly out, F3 (Line Drive, 3)
|
Top of the 8th over - 1 run, 1 hit, 0 errors, 1 left on base; Northern Virginia 13 - Oakland 2 |
BOTTOM OF THE 8TH |
Oakland Oaks batting - Pitching for Northern Virginia Rainbow Mermaids : RHP Ramón Molina
|
Now in RF: JoJo Victory
|
|
Batting: RHB Colin O'Connell
|
0-0: Ball 1-0: SINGLE (Groundball, 56S) (infield hit)
|
Batting: RHB Mike Wazowski
|
0-0: Ball 1-0: Foul Ball, location: 2F 1-1: Ball 2-1: Ball 3-1: Called Strike 3-2: Base on Balls Colin O'Connell to second
|
Pitching: RHP Guldemunde Geilinger
|
|
Batting: RHB Yehonatan Chazan
|
0-0: Called Strike 0-1: Ball 1-1: Foul Ball, location: 2F 1-2: Foul Ball, location: 2F 1-2: Ball 2-2: SINGLE (Groundball, 34D) Colin O'Connell to third Mike Wazowski to second Runner from 3rd tries for Home, SAFE, no throw
|
Batting: RHB Joseph Papasogli
|
0-0: Grounds into double play, 5-4-3 (Groundball, 56) Mike Wazowski to third
|
Batting: RHB Joe Phillips
|
0-0: Ball 1-0: Ball 2-0: Ball 3-0: Called Strike 3-1: Called Strike 3-2: Foul Ball, location: 2F 3-2: Foul Ball, location: 2F 3-2: Foul Ball, location: 2F 3-2: Strikes out swinging
|
Bottom of the 8th over - 1 run, 2 hits, 0 errors, 1 left on base; Northern Virginia 13 - Oakland 3 |
TOP OF THE 9TH |
Northern Virginia Rainbow Mermaids batting - Pitching for Oakland Oaks : RHP Oriol Razo
|
Batting: LHB Dana Waldrip
|
0-0: Ball 1-0: Called Strike 1-1: Ball 2-1: Called Strike 2-2: Foul Ball, location: 2F 2-2: Ball 3-2: Base on Balls
|
Batting: LHB Kyoji Hakoda
|
0-0: Ball 1-0: Foul Ball, location: 2F 1-1: Foul Ball, location: 2F 1-2: Foul Ball, location: 2F 1-2: Foul Ball, location: 2F 1-2: Ball 2-2: Ball 3-2: Fly out, F8 (Flyball, 8RD)
|
Batting: SHB Galtero Suárez
|
0-0: Ball 1-0: Grounds into double play, 4-6-3 (Groundball, 4)
|
Top of the 9th over - 0 runs, 0 hits, 0 errors, 0 left on base; Northern Virginia 13 - Oakland 3 |
BOTTOM OF THE 9TH |
Oakland Oaks batting - Pitching for Northern Virginia Rainbow Mermaids : RHP Guldemunde Geilinger
|
Batting: RHB Alfonso Nazario
|
0-0: Called Strike 0-1: Fly out, F7 (Flyball, 78D)
|
Batting: RHB Esteban Vázquez
|
0-0: Called Strike 0-1: Called Strike 0-2: SINGLE (Line Drive, 8LS)
|
Batting: RHB Ricardo Téllez
|
0-0: Ball 1-0: Called Strike 1-1: Foul Ball, location: 2F 1-2: Strikes out swinging
|
Batting: SHB Luis Luquín
|
0-0: Ball 1-0: Ball 2-0: DOUBLE (Flyball, 8RXD) Esteban Vázquez to third
|
Batting: RHB Colin O'Connell
|
0-0: Called Strike 0-1: Ball 1-1: Foul Ball, location: 2F 1-2: Ball 2-2: Strikes out swinging
|
Bottom of the 9th over - 0 runs, 2 hits, 0 errors, 2 left on base; Northern Virginia 13 - Oakland 3 |
|